Map: Proxima Station LE

Players

SortOf - Winner!

  • Race: Zerg Zerg
  • Spawn Location: 1:00

Mokomi

  • Race: Protoss Protoss
  • Spawn Location: 7:00

Event: WCS Austin 2017

VOD

Have the link to the VOD?

Description

Time

  • Played on: April 28, 2017, 4:44 p.m.
  • Length: 10:38

All games in this series

Show
View Real Time Build Order
Export as new Build Order

SortOf Zerg - Winner!

Build Orders: Pool First 

Get SALT Encoding   

  12  0:00  Drone  
  13  0:13  Overlord  
  13  0:17  Drone  
  14  0:31  Drone x2  
  16  0:37  Drone  
  17  0:45  Drone, Extractor  
  17  0:50  Spawning Pool  
  17  0:56  Drone  
  17  1:07  Drone  
  18  1:19  Hatchery  
  18  1:23  Drone  
  18  1:38  Queen  
  20  1:40  Zergling x2  
  20  1:45  Metabolic Boost  
  21  1:52  Overlord  
  21  1:56  Drone  
  22  2:10  Drone  
  22  2:12  Drone  
  22  2:14  Queen  
  26  2:22  Drone  
  27  2:30  Drone  
  27  2:31  Pneumatized Carapace  
  27  2:33  Drone  
  29  2:44  Zergling x2  
  29  2:45  Zergling x2  
  29  2:46  Drone x2  
  29  2:47  Zergling x2  
  34  2:59  Hatchery  
  34  3:02  Overlord  
  34  3:04  Drone  
  34  3:08  Drone  
  34  3:12  Drone  
  36  3:20  Queen  
  36  3:21  Drone x2  
  36  3:24  Drone  
  36  3:25  Drone  
  42  3:28  Drone  
  42  3:30  Drone  
  44  3:35  Overlord  
  44  3:45  Overlord  
  44  3:49  Evolution Chamber  
  44  3:50  Baneling Nest  
  44  3:51  Drone x2  
  44  3:54  Drone x2  
  46  3:56  Drone x3  
  46  4:01  Queen  
  51  4:07  Spore Crawler  
  51  4:08  Spore Crawler  
  51  4:09  Zergling x2  
  50  4:14  Zergling x6  
  53  4:19  Zerg Melee Weapons Level 1  
  53  4:22  Overlord  
  53  4:24  Drone  
  53  4:30  Zergling x4  
  56  4:36  Baneling x2  
  56  4:37  Queen  
  58  4:38  Drone  
  58  4:39  Drone x2  
  58  4:40  Drone x2  
  58  4:41  Extractor  
  58  4:42  Drone  
  58  4:43  Drone  
  64  4:51  Drone x3  
  64  4:52  Drone  
  68  4:54  Drone  
  69  5:01  Baneling x2  
  69  5:02  Overlord  
  69  5:04  Drone x2  
  69  5:05  Drone x2  
  73  5:08  Drone, Overlord  
  73  5:11  Overlord  
  73  5:14  Overlord  
  74  5:19  Overlord  
  73  5:22  Overlord  
  73  5:23  Drone  
  73  5:24  Queen  
  75  5:28  Zergling x2  
  75  5:29  Zergling x6  
  79  5:37  Drone x2  
  79  5:38  Lair  
  79  5:40  Extractor  
  79  5:41  Extractor  
  80  5:42  Drone  
  80  5:43  Drone, Overlord, Extractor  
  80  5:44  Drone x2  
  82  5:52  Drone  
  83  6:01  Overlord  
  83  6:04  Zergling x4  
  83  6:05  Zergling x6, Hatchery  
  87  6:13  Drone x2  
  87  6:14  Overlord x2  
  87  6:16  Drone x2  
  87  6:17  Drone x3  
  94  6:20  Queen  
  94  6:23  Baneling x9  
  96  6:28  Overlord  
  96  6:29  Overlord  
  95  6:34  Zergling x8  
  99  6:41  Zerg Melee Weapons Level 2, Centrifical Hooks  
  99  6:43  Zergling x2  
  99  6:46  Zergling x2  
  102  6:47  Zergling x4  
  102  6:48  Baneling x3  
  102  6:52  Baneling x4  
  103  6:55  Zergling x8  
  103  6:57  Zergling x4  
  109  7:04  Zergling x4  
  105  7:10  Zergling x2  
  105  7:13  Zergling x14  
  113  7:25  Baneling  
  113  7:26  Baneling x8  
  113  7:27  Hydralisk Den, Hatchery  
  111  7:32  Zergling x14  
  118  7:38  Drone x2  
  120  7:45  Drone x5  
  120  7:50  Drone  
  120  7:51  Drone x4  
  129  7:52  Extractor  
  129  7:54  Overseer  
  129  7:59  Muscular Augments, Hydralisk x5  
  138  8:09  Hydralisk x3  
  138  8:10  Hydralisk x2  
  148  8:13  Overlord  
  148  8:18  Baneling x6  
  148  8:23  Hydralisk  
  148  8:24  Zergling x14  
  157  8:33  Hydralisk x4  
  157  8:34  Zergling x6  
  153  8:43  Hydralisk x3  
  153  8:44  Zergling x2  
  153  8:45  Zergling x6  
  153  8:46  Baneling  
  153  8:47  Baneling  
  131  8:55  Hydralisk  
  131  8:56  Hydralisk x2  
  131  8:59  Hydralisk  
  131  9:01  Hydralisk  
  131  9:02  Zergling x2  
  125  9:09  Hydralisk x2  
  114  9:10  Zergling x2, Hydralisk  
  114  9:14  Hydralisk  
  114  9:16  Zergling x2  
  121  9:20  Zergling x12  
  121  9:21  Zergling x10  
  132  9:26  Zergling x4  
  134  9:32  Baneling x4  
  134  9:41  Zergling x6  
  134  9:42  Zergling x4  
  134  9:45  Zergling x18  
  148  9:46  Baneling x2  
  148  9:47  Baneling x13  
  148  9:52  Hatchery  
  147  9:54  Hydralisk x3  
  147  9:55  Hydralisk  
  155  10:05  Zergling x14  
  162  10:11  Hydralisk x3  
  162  10:12  Zergling x2  
  169  10:15  Baneling x2  
  169  10:18  Zergling x10  
  169  10:19  Zergling x2  
Show
View Real Time Build Order
Export as new Build Order

Mokomi Protoss 

Build Orders: 1 Gate Expand 

Get SALT Encoding   

  12  0:01  Probe (Chrono Boost)  
  13  0:11  Probe (Chrono Boost)  
  14  0:18  Pylon  
  14  0:22  Probe (Chrono Boost)  
  15  0:37  Probe (Chrono Boost)  
  15  0:38  Gateway  
  16  0:43  Assimilator  
  16  0:47  Probe (Chrono Boost)  
  17  0:58  Probe (Chrono Boost)  
  18  1:08  Probe (Chrono Boost)  
  19  1:13  Assimilator  
  19  1:19  Probe (Chrono Boost)  
  20  1:31  Nexus  
  20  1:42  Cybernetics Core  
  20  1:46  Assimilator  
  21  1:54  Probe (Chrono Boost)  
  21  2:00  Pylon  
  21  2:05  Probe (Chrono Boost)  
  22  2:17  Probe (Chrono Boost)  
  22  2:19  Adept  
  22  2:21  Warp Gate  
  25  2:30  Robotics Facility  
  24  2:38  Mothership Core (Chrono Boost)  
  26  2:46  Stalker  
  26  2:50  Probe (Chrono Boost)  
  29  2:57  Probe (Chrono Boost)  
  30  3:01  Probe (Chrono Boost)  
  31  3:07  Probe (Chrono Boost)  
  31  3:11  Probe (Chrono Boost)  
  33  3:18  Probe (Chrono Boost)  
  34  3:21  Immortal  
  34  3:22  Probe (Chrono Boost)  
  39  3:28  Probe (Chrono Boost)  
  40  3:34  Gateway  
  40  3:40  Probe (Chrono Boost)  
  42  3:43  Gateway  
  42  3:46  Probe (Chrono Boost)  
  42  3:51  Pylon  
  42  3:54  Probe (Chrono Boost)  
  43  3:56  Warp Prism  
  45  4:07  Probe (Chrono Boost)  
  45  4:09  Assimilator  
  46  4:11  Assimilator  
  46  4:12  Probe (Chrono Boost)  
  47  4:19  Probe (Chrono Boost)  
  47  4:23  Probe (Chrono Boost), Sentry  
  52  4:31  Probe (Chrono Boost)  
  52  4:33  Probe (Chrono Boost)  
  53  4:43  Probe (Chrono Boost)  
  53  4:44  Nexus  
  54  4:47  Pylon  
  54  4:57  Pylon  
  54  4:59  Pylon  
  54  5:03  Observer  
  54  5:06  Probe (Chrono Boost)  
  56  5:09  Sentry  
  56  5:10  Sentry x2  
  62  5:16  Probe (Chrono Boost)  
  62  5:17  Probe (Chrono Boost)  
  64  5:24  Immortal  
  64  5:27  Probe (Chrono Boost)  
  66  5:29  Probe (Chrono Boost)  
  66  5:33  Gateway x2  
  70  5:37  Probe (Chrono Boost), Sentry x3  
  76  5:51  Probe (Chrono Boost)  
  76  5:54  Gateway  
  76  5:55  Gateway  
  76  5:56  Pylon  
  76  5:59  Probe x2 (Chrono Boost)  
  76  6:03  Immortal  
  78  6:11  Sentry, Adept  
  86  6:22  Adept  
  89  6:27  Probe (Chrono Boost)  
  89  6:30  Pylon  
  89  6:32  Pylon  
  89  6:35  Pylon  
  89  6:43  Immortal, Adept x3  
  89  6:44  Adept x2  
  103  6:58  Adept x2  
  105  7:17  Warp Prism  
  105  7:21  Adept x7  
  121  7:27  Twilight Council  
  121  7:33  Probe x2 (Chrono Boost)  
  121  7:34  Assimilator, Probe (Chrono Boost)  
  124  7:43  Probe (Chrono Boost), Pylon  
  125  7:44  Pylon  
  125  7:46  Pylon  
  125  7:49  Pylon  
  125  7:51  Pylon  
  125  8:01  Probe x2 (Chrono Boost)  
  125  8:03  Assimilator, Probe (Chrono Boost)  
  125  8:04  Resonating Glaives  
  128  8:07  Templar Archives  
  128  8:15  Stalker x3  
  128  8:16  Forge  
  128  8:18  Forge  
  134  8:32  Stalker x4  
  125  8:36  Probe (Chrono Boost)  
  125  8:38  Probe (Chrono Boost)  
  119  8:50  Probe (Chrono Boost)  
  119  8:53  Stalker x2  
  99  8:57  Adept  
  99  9:00  High Templar  
  75  9:08  High Templar x4  
  63  9:19  High Templar x3  
  68  9:28  Warp Prism  
  68  9:31  Archon  
  68  9:32  Archon x2  
  70  9:40  High Templar  
  70  9:41  High Templar x2  
  76  9:46  Archon x2  
  76  9:48  Probe (Chrono Boost)  
  76  9:49  Probe (Chrono Boost)  
  76  9:50  Sentry  
  80  9:54  Adept  
  80  9:59  Probe x2 (Chrono Boost)  
  84  10:01  High Templar, Observer  
  84  10:05  High Templar  
  89  10:11  Archon  
  91  10:14  Probe x2 (Chrono Boost)  
  91  10:16  Probe (Chrono Boost)  
  92  10:25  Probe x2 (Chrono Boost)  
  92  10:28  Probe (Chrono Boost)  
  95  10:29  Adept x3  
Tags
 
Add a new tag
Caveats
  • Supply blocks, unpowered buildings, or Contaminate may cause inaccurate times.
  • Supply counts are checked every 10 seconds.